 Dungeon Crawl Stone Soup version 0.31.0-12-g77e489cdc1 (webtiles) character file.

Game seed: 16699032779532182217

595 Zleub the Trooper (level 7, 0/62 HPs)
             Began as a Minotaur Fighter on Feb 21, 2024.
             Succumbed to a hornet's poison
             ... on level 4 of the Dungeon.
             The game lasted 00:08:02 (3418 turns).

Zleub the Trooper (Minotaur Fighter)                Turns: 3418, Time: 00:08:02

Health: 0/62       AC:  9    Str: 22    XL:     7   Next: 17%
Magic:  6/6        EV:  9    Int:  5    God:
Gold:   164        SH: 10    Dex: 10    Spells: 6/6 levels left

rFire   . . .        a - +0 war axe
rCold   . . .        c - +0 buckler
rNeg    . . .        b - +0 scale mail
rPois   .            (helmet restricted)
rElec   .            (no cloak)
rCorr   .            (no gloves)
SInv    .            q - +1 pair of boots
Will    .....        o - amulet of reflection Stlth
                     (no ring)
HPRegen 0.30/turn    (no ring)
MPRegen 0.10/turn

%: reflection
@: brilliant, lethally poisoned (0 -> -1), hasted, invisible, very quick
A: horns 2, retaliatory headbutt
a: no special abilities


You were on level 4 of the Dungeon.
You visited 1 branch of the dungeon, and saw 4 of its levels.

You collected 164 gold pieces.

Inventory:

Hand Weapons
 a - a +0 war axe (weapon)
Armour
 b - a +0 scale mail (worn)
 c - a +0 buckler (worn)
 q - a +1 pair of boots (worn)
Jewellery
 j - a ring of wizardry
 k - a ring of magical power
 o - an amulet of reflection (around neck)
Talismans
 f - a beast talisman
Scrolls
 g - a scroll of amnesia {unknown}
 h - 2 scrolls of silence {unknown}
 i - 2 scrolls of identify {unknown}
 l - 2 scrolls of acquirement {unknown}
 m - 2 scrolls of fog {unknown}
 p - a scroll of enchant weapon {unknown}
Potions
 n - 2 potions of brilliance


   Skills:
 + Level 5.9 Fighting
 + Level 5.1 Axes
 + Level 5.9 Armour
 + Level 5.8 Shields


You had 6 spell levels left.
You didn't know any spells.
Your spell library contained the following spells:

 Spells                   Type           Power      Damage    Failure   Level
 Lesser Beckoning         Tloc           0%         N/A       93%         2
 Gell's Gravitas          Tloc           0%         N/A       99%         3
 Inner Flame              Hex/Fire       0%         N/A       99%         3
 Teleport Other           Tloc           0%         N/A       99%         3
 Flame Wave               Conj/Fire      0%         2d4       100%        4
 Sticky Flame             Fire/Alch      0%         2d4       100%        4


Dungeon Overview and Level Annotations

Branches:
Dungeon (4/15)
 Temple: D:4-7

Altars:
Hepliaklqana

Shops:
D:4 [[(:


Innate Abilities, Weirdness & Mutations

You have a pair of horns on your head.
You reflexively headbutt those who attack you in melee.


Message History

You feel very sick. The hornet stings you.
You feel as though you will be slow longer.
You block the hornet's attack. x2
You slash the hornet!
The hornet is severely wounded.
You feel very sick. The hornet stings you!
* * * LOW HITPOINT WARNING * * *
You are lethally poisoned!
You feel as though you will be slow longer.
The hornet stings you but does no damage.
You block the hornet's attack.
You closely miss the hornet. You headbutt the hornet!
You kill the hornet!
* * * LOW HITPOINT WARNING * * *
You feel very sick.
Your Axes skill increases to level 5!
You have reached level 7!
It was a potion of brilliance.
You feel clever all of a sudden.
* * * LOW HITPOINT WARNING * * *
You feel very sick.
It was a potion of haste.
You feel yourself speed up.
* * * LOW HITPOINT WARNING * * *
You feel sick.
It was a potion of invisibility.
You fade into invisibility!
* * * LOW HITPOINT WARNING * * *
You feel sick.
* * * LOW HITPOINT WARNING * * *
You feel sick.
You see here a hornet corpse.
Found a stone staircase leading down.
You feel yourself speed up.
* * * LOW HITPOINT WARNING * * *
You feel sick.
* * * LOW HITPOINT WARNING * * *
You feel sick.
You die...

.##......# ..########
#.....# ...######
#.....# ........#
#.....# #.).....#
#.....# #.......#
#..>..# #.......#
#.....+
#.......#######.....####
#.......##..†...@......#
#.......##'###########.#
#...............#
#..............$#
#..####.........#
#..#.....#+##.....
#..#.###.# .....
.........# ....
∩....#...# ....


There were no monsters in sight!

Vanquished Creatures
  A hornet (D:4)
  The ghost of Vncvd the Sneak, an amateur OpBr (D:3)
  A scorpion (D:4)
  A hound (D:4)
  A gnoll bouda (D:4)
  3 gnolls (D:4)
  3 adders
  A dart slug (D:4)
  An orc (D:3)
  5 endoplasms
  6 goblins
  3 hobgoblins
  7 jackals
  A quokka (D:4)
  3 ball pythons
  2 bats
  2 frilled lizards
  5 kobolds
  6 rats
53 creatures vanquished.

Notes
Turn   | Place    | Note
-------+----------+-------------------------------------------
     0 | D:1      | Zleub the Minotaur Fighter began the quest for the Orb.
     0 | D:1      | Reached XP level 1. HP: 19/19 MP: 0/0
   816 | D:1      | Reached XP level 2. HP: 27/27 MP: 1/1
  1463 | D:2      | Reached XP level 3. HP: 33/33 MP: 2/2
  2174 | D:3      | Found a runed translucent door.
  2174 | D:3      | Noticed Vncvd's ghost (amateur OpBr)
  2366 | D:3      | Found a hazy altar of Hepliaklqana.
  2600 | D:3      | Killed Vncvd's ghost
  2601 | D:3      | Reached skill level 5 in Fighting
  2601 | D:3      | Reached skill level 5 in Armour
  2601 | D:3      | Reached skill level 5 in Shields
  2601 | D:3      | Reached XP level 4. HP: 33/42 MP: 3/3
  2601 | D:3      | Reached XP level 5. HP: 37/48 MP: 4/4
  2804 | D:4      | Found Suuvonge's Armour Shoppe.
  2827 | D:4      | Reached XP level 6. HP: 44/56 MP: 5/5
  2958 | D:4      | Found Netatt's Antique Armour Boutique.
  2992 | D:4      | Found Itifuuh's Weapon Boutique.
  3368 | D:4      | Found Jiasir's Book Shoppe.
  3403 | D:4      | Noticed a hornet
  3410 | D:4      | Killed a hornet
  3411 | D:4      | Reached skill level 5 in Axes
  3411 | D:4      | Reached XP level 7. HP: 9/62 MP: 6/6
  3413 | D:4      | HP: 3/62 [poisoned by a hornet]
  3416 | D:4      | HP: 1/62 [poisoned by a hornet]
  3418 | D:4      | Succumbed to a hornet's poison

Illustrated notes

Levels and vault maps discovered:
D:1:      dpeg_arrival_oval, layout_basic
D:2:      layout_loops_corners, minmay_misc_feat_plants
D:3:      layout_loops_corners, nicolae_overflow_hidden_temple,
          gammafunk_ghost_grave
D:4:      layout_basic, serial_shops, shop, shop, shop_statue, shop,
          uniq_grinder

Skill      XL: |  1  2  3  4  5  6 |
---------------+-------------------+-----
Fighting       | 4 5 |  5.9
Axes           | 3 4 5 |  5.1
Armour         | 4 5 |  5.9
Shields        | 4 5 |  5.8

Action                     |  1- 3 |  4- 6 |  7- 9 || total
---------------------------+-------+-------+-------++-------
  Melee: War axe           |    58 |    38 |       ||    96
         Headbutt          |     7 |     7 |       ||    14
    Use: Potion            |       |     1 |     3 ||     4
         Scroll            |       |     1 |       ||     1
 Armour: Scale mail        |    26 |    27 |       ||    53
  Dodge: Dodged            |    22 |    16 |       ||    38
  Block: Buckler           |    13 |    24 |       ||    37
